[Event "42nd Olympiad Baku 2016 Open"]
[Site "Baku"]
[Date "2016.09.08"]
[Round "6.5"]
[White "Mosenya, Ndawana"]
[Black "Rayes, Abdul Kader"]
[Result "1/2-1/2"]
[ECO "B07"]
[WhiteElo "2003"]
[BlackElo "2254"]
[Annotator ""]
[PlyCount "220"]
[EventDate "2016.??.??"]
[EventCountry "AZE"]
[SourceTitle "playchess.com"]
[Source "ChessBase"]
[WhiteTeam "Botswana"]
[BlackTeam "Syria"]
[WhiteTeamCountry "BOT"]
[BlackTeamCountry "SYR"]
[TimeControl "40/5400+30:1800+30"]

1. e4 {(00:00} c6 {(00:22} 2. d4 {(00:00} d6 {(
00:10} 3. Nc3 {(00:24} Nf6 {(00:50} 4. Nf3 {(00:06} g6
{(00:56} 5. Be3 {(00:18} Bg7 {(00:22} 6. Qd2 {(
00:06} b5 {(00:40} 7. Bd3 {(00:04} b4 {(09:06} 8. Ne2
{(00:18} a5 {(00:42} 9. c3 {(00:20} bxc3 {(00:
14} 10. bxc3 {(00:11} Ba6 {(00:22} 11. O-O {(03:37}
Bxd3 {(00:52} 12. Qxd3 {(00:08} O-O {(01:28} 13. e5 {
(00:46} Nd5 {(02:54} 14. exd6 {(00:10} exd6 {(
00:44} 15. Bg5 {(00:12} Qd7 {(04:38} 16. Rfe1 {(08:44}
h6 {(00:38} 17. Bc1 {(04:14} Na6 {(02:38} 18. Ba3 {
(00:20} Nac7 {(08:07} 19. Rad1 {(00:51} Rfe8 {(
04:30} 20. Qd2 {(01:27} Nb6 {(01:51} 21. Qf4 {(02:05}
Nc4 {(02:07} 22. Bc1 {(00:12} Nd5 {(00:55} 23. Qh4 {
(00:35} g5 {(02:06} 24. Qg3 {(01:37} Re4 {(01:
14} 25. Nd2 {(01:48} Nxd2 {(01:16} 26. Bxd2 {(00:10}
Rae8 {(01:33} 27. Nc1 {(02:15} Rxe1+ {(01:23} 28. Rxe1
{(01:39} Rxe1+ {(00:03} 29. Bxe1 {(00:09} Qe6 {(
00:01} 30. Bd2 {(03:46} Nb6 {(00:50} 31. Qe3 {(04:53}
Nc4 {(00:34} 32. Qe1 {(01:00} Kf8 {(03:59} 33. h3 {
(04:01} Qf5 {(07:19} 34. Be3 {(02:13} Qb1 {(02:
12} 35. Qe2 {(06:28} d5 {(01:22} 36. Qd3 {(00:55} Qb2
{(03:18} 37. Kh2 {(01:04} Kg8 {(00:38} 38. g3 {(
01:14} Bf8 {(00:45} 39. a4 {(12:17} Ba3 {(08:00} 40.
Ne2 {(00:00} Bd6 {(00:00} 41. Kg2 {(04:32} Qa1 {
(16:00} 42. h4 {(03:47} gxh4 {(01:46} 43. gxh4 {
(00:27} Bf8 {(07:52} 44. Bf4 {(05:05} Qe1 {(02:
20} 45. Ng3 {(01:00} Qe6 {(01:02} 46. Qf5 {(02:19} Nb6
{(06:45} 47. Bc7 {(02:00} Nc4 {(03:42} 48. Bf4 {
(09:22} Bd6 {(04:32} 49. Bxd6 {(07:40} Nxd6 {(
00:06} 50. Qb1 {(00:10} Nc4 {(01:14} 51. h5 {(01:41}
Kg7 {(06:25} 52. Qb8 {(05:01} Nd2 {(07:26} 53. Qf4 {
(03:52} Ne4 {(03:27} 54. Nxe4 {(09:06} dxe4 {(
01:23} 55. Kg3 {(01:40} Qc4 {(01:11} 56. Qe5+ {(00:43}
Kg8 {(00:01} 57. Qxe4 {(06:19} Qxc3+ {(00:10} 58. Qe3 {
(00:05} Qc4 {(01:14} 59. Qxh6 {(00:53} Qxd4 {(
00:27} 60. Qxc6 {(00:40} Qe5+ {(00:12} 61. f4 {(02:25}
Qe1+ {(00:31} 62. Kh3 {(01:51} Qe3+ {(00:34} 63. Kg4 {
(01:17} Qg1+ {(00:30} 64. Kf5 {(00:33} Qe1 {(00:
56} 65. h6 {(02:21} Qb1+ {(00:19} 66. Qe4 {(00:52} Qb6
{(00:41} 67. Qg2+ {(00:22} Kf8 {(00:07} 68. Qg7+ {
(00:45} Ke7 {(00:07} 69. Qe5+ {(00:38} Kf8 {(00:
18} 70. Qg7+ {(01:29} Ke7 {(00:01} 71. Qg5+ {(01:05}
Kf8 {(00:30} 72. Kg4 {(01:10} Qg1+ {(00:21} 73. Kh5 {
(01:30} Qh1+ {(01:22} 74. Qh4 {(00:08} Qd1+ {(
01:03} 75. Qg4 {(00:05} Qh1+ {(00:32} 76. Kg5 {(01:29}
Qd5+ {(00:04} 77. Kh4 {(00:36} Qh1+ {(00:07} 78. Qh3 {
(00:25} Qe1+ {(00:05} 79. Qg3 {(00:10} Qh1+ {(
00:11} 80. Kg5 {(01:21} Qd5+ {(00:05} 81. f5 {(00:41}
Qd2+ {(00:40} 82. Kh5 {(00:06} Qd1+ {(00:36} 83. Qg4 {
(00:27} Qh1+ {(00:12} 84. Kg5 {(00:32} Qc1+ {(
00:08} 85. Qf4 {(00:27} Qg1+ {(00:11} 86. Kh4 {(00:55}
Qh1+ {(00:27} 87. Kg4 {(00:34} Qg2+ {(00:34} 88. Qg3 {
(00:31} Qe2+ {(01:43} 89. Kg5 {(00:26} Qd2+ {(
00:24} 90. Kh5 {(00:30} Qd1+ {(00:12} 91. Kg5 {(00:14}
Qd2+ {(00:29} 92. Qf4 {(00:47} Qg2+ {(00:09} 93. Kh4 {
(00:19} Qh1+ {(00:11} 94. Kg3 {(00:18} Qg1+ {(
00:15} 95. Kf3 {(00:10} Qf1+ {(00:07} 96. Ke4 {(00:31}
Qc4+ {(00:11} 97. Ke3 {(00:11} Qc1+ {(00:04} 98. Kf3 {
(00:30} Qf1+ {(00:09} 99. Kg4 {(00:19} Qg2+ {(
00:11} 100. Qg3 {(00:12} Qe4+ {(00:40} 101. Kg5 {(00:
51} Qe7+ {(02:27} 102. f6 {(00:46} Qc5+ {(00:15} 103.
Kh4 {(00:17} Qd4+ {(00:56} 104. Kh3 {(00:12} Qxf6 {
(00:40} 105. Qb8+ {(00:19} Ke7 {(00:09} 106. Qc7+ {
(00:28} Ke6 {(01:40} 107. Qb6+ {(00:18} Ke7 {(
00:08} 108. Qc7+ {(00:07} Ke6 {(00:16} 109. Qc8+ {(00:
49} Ke7 {(01:00} 110. Qc5+ {(00:28} Ke6 1/2-1/2

[Event "42nd Olympiad Baku 2016 Open"]
[Site "Baku"]
[Date "2016.09.08"]
[Round "6.17"]
[White "Mphungu Gerrard"]
[Black "Constantinou, Pavlos"]
[Result "1/2-1/2"]
[ECO "E36"]
[WhiteElo "2034"]
[BlackElo "2058"]
[Annotator ""]
[PlyCount "90"]
[EventDate "2016.??.??"]
[EventCountry "AZE"]
[SourceTitle "playchess.com"]
[Source "ChessBase"]
[WhiteTeam "MAW"]
[BlackTeam "Cyprus"]
[BlackTeamCountry "CYP"]
[TimeControl "40/5400+30:1800+30"]

1. d4 {(01:04} Nf6 {(00:00} 2. c4 {(00:09} e6 {(
00:00} 3. Nc3 {(00:14} Bb4 {(00:00} 4. Qc2 {(00:12} d5
{(00:06} 5. a3 {(12:01} Bxc3+ {(02:30} 6. Qxc3 {
(00:26} dxc4 {(03:49} 7. Qxc4 {(01:53} O-O {(00:
56} 8. Nf3 {(00:48} b6 {(03:50} 9. Bg5 {(02:29} Ba6 {
(04:32} 10. Qc2 {(01:38} h6 {(08:24} 11. Bxf6 {(
21:40} Qxf6 {(00:07} 12. Qe4 {(01:20} Nd7 {(20:55} 13.
Qc6 {(03:15} Rfd8 {(03:06} 14. e3 {(06:38} Bxf1 {
(00:45} 15. Rxf1 {(00:35} Rac8 {(07:24} 16. Ke2 {
(03:14} Nb8 {(04:19} 17. Qb7 {(04:44} c5 {(08:
29} 18. Rfc1 {(03:27} Nc6 {(03:12} 19. Rab1 {(13:43}
e5 {(10:07} 20. dxe5 {(06:14} Nxe5 {(00:35} 21. Qxa7 {
(00:43} Nxf3 {(09:55} 22. gxf3 {(00:16} Qc6 {(
00:36} 23. Qa6 {(04:05} Ra8 {(00:29} 24. Qc4 {(00:22}
Ra4 {(00:34} 25. Qc3 {(01:32} Rh4 {(03:39} 26. Rd1 {
(03:58} Qb5+ {(02:37} 27. Ke1 {(01:29} Re8 {(00:
42} 28. Qd3 {(00:30} c4 {(01:22} 29. Qd7 {(02:19} Qxd7
{(00:54} 30. Rxd7 {(00:06} Rxh2 {(00:02} 31. Ke2 {
(00:08} Re5 {(00:46} 32. Rc7 {(00:45} Rh4 {(00:
31} 33. Rc1 {(00:48} Rb5 {(00:18} 34. Rc2 {(00:15} Rb3
{(00:14} 35. a4 {(01:19} Rb4 {(00:25} 36. f4 {(
00:12} Rxa4 {(00:34} 37. R7xc4 {(00:14} Rxc4 {(00:36}
38. Rxc4 {(00:05} g5 {(00:19} 39. Rb4 {(00:22} gxf4 {
(00:15} 40. exf4 {(00:00} b5 {(00:00} 41. Kf3 {(
12:27} Rh5 {(00:42} 42. Ke4 {(00:16} Rc5 {(00:28} 43.
Kd4 {(00:05} Rf5 {(01:17} 44. Ke4 {(02:57} Rc5 {
(00:04} 45. Kd4 {(00:57} Rf5 {(00:08} 1/2-1/2

[Event "42nd Olympiad Baku 2016 Open"]
[Site "Baku"]
[Date "2016.09.08"]
[Round "6.1"]
[White "Munkhgal, Gombosuren"]
[Black "Kasimdzhanov, Rustam"]
[Result "1/2-1/2"]
[ECO "E32"]
[WhiteElo "2446"]
[BlackElo "2696"]
[Annotator ""]
[PlyCount "60"]
[EventDate "2016.??.??"]
[EventCountry "AZE"]
[SourceTitle "playchess.com"]
[Source "ChessBase"]
[WhiteTeam "Mongolia"]
[BlackTeam "Uzbekistan"]
[WhiteTeamCountry "MGL"]
[BlackTeamCountry "UZB"]
[TimeControl "40/5400+30:1800+30"]

1. d4 {(00:00} e6 {(00:00} 2. c4 {(00:00} Nf6 {(
00:00} 3. Nc3 {(00:03} Bb4 {(00:11} 4. Qc2 {(00:29}
O-O {(01:16} 5. Bf4 d6 {(04:19} 6. Nf3 {(02:19} Nbd7 {
(00:36} 7. e3 {(03:37} Re8 {(02:53} 8. a3 {(02:
43} Bxc3+ {(01:30} 9. Qxc3 {(00:04} b6 {(00:21} 10.
Bg5 {(09:08} Bb7 {(04:04} 11. Be2 {(02:02} Rc8 {
(04:57} 12. Bxf6 {(05:19} Nxf6 {(03:58} 13. O-O {
(00:13} c5 {(00:20} 14. Rfd1 {(06:18} Qc7 {(01:
48} 15. dxc5 {(11:22} bxc5 {(04:35} 16. b4 {(02:43} a5
{(19:06} 17. b5 {(06:34} a4 {(01:07} 18. Qc2 {(
01:43} Ra8 {(00:27} 19. Nd2 {(02:01} Red8 {(03:17} 20.
Bf3 {(02:57} Bxf3 {(04:09} 21. Nxf3 {(01:01} h6 {
(00:07} 22. Rd3 {(05:44} Nd7 {(02:13} 23. Rad1 {
(02:04} Nb6 {(01:51} 24. e4 {(00:31} Rd7 {(03:
29} 25. h3 {(06:06} Rad8 {(04:21} 26. R3d2 {(03:39}
Qb7 {(05:19} 27. Re2 {(03:01} Qc7 {(01:58} 28. Red2 {
(00:23} Qb7 {(05:07} 29. Re2 {(00:08} Qc7 {(01:
25} 30. Red2 {(00:12} Qb7 1/2-1/2

[Event "42nd Olympiad Baku 2016 Open"]
[Site "Baku"]
[Date "2016.09.08"]
[Round "6.21"]
[White "Munoz Santana, Jose Lisandro"]
[Black "Rodshtein, Maxim"]
[Result "0-1"]
[ECO "B12"]
[WhiteElo "2439"]
[BlackElo "2687"]
[Annotator ""]
[PlyCount "40"]
[EventDate "2016.??.??"]
[EventCountry "AZE"]
[SourceTitle "playchess.com"]
[Source "ChessBase"]
[WhiteTeam "Dominican Republic"]
[BlackTeam "Israel"]
[WhiteTeamCountry "DOM"]
[BlackTeamCountry "ISR"]
[TimeControl "40/5400+30:1800+30"]

1. e4 {(00:00} c6 {(00:00} 2. d4 {(00:00} d5 {(
00:00} 3. e5 {(00:00} Bf5 {(00:00} 4. h4 {(00:00} h6 {
(02:01} 5. g4 {(03:40} Bd7 {(00:12} 6. Nc3 {(04:
35} h5 {(05:07} 7. gxh5 {(00:40} Nh6 {(00:15} 8. Bxh6
{(07:24} Rxh6 {(00:33} 9. Qf3 {(01:01} e6 {(05:
26} 10. O-O-O {(00:23} c5 {(00:33} 11. Nh3 {(09:44}
Nc6 {(15:57} 12. Ng5 {(18:54} f6 {(00:39} 13. Bd3 {
(11:46} cxd4 {(12:04} 14. Rhe1 {(11:56} dxc3 {(
04:45} 15. Bg6+ {(06:14} Rxg6 {(02:08} 16. hxg6 {(00:
05} Qb6 {(01:34} 17. b3 {(00:04} Qb4 {(04:25} 18. Rd3
{(00:05} fxg5 {(00:59} 19. Qf7+ {(02:56} Kd8 {(
00:10} 20. Re4 {(03:43} Qe7 {(01:21} 0-1

[Event "42nd Olympiad Baku 2016 Open"]
[Site "Baku"]
[Date "2016.09.08"]
[Round "6.24"]
[White "Murshed, Niaz"]
[Black "AlHuwar, Jasem"]
[Result "1-0"]
[ECO "A20"]
[WhiteElo "2439"]
[BlackElo "2291"]
[Annotator ""]
[PlyCount "53"]
[EventDate "2016.??.??"]
[EventCountry "AZE"]
[SourceTitle "playchess.com"]
[Source "ChessBase"]
[WhiteTeam "Bangladesh"]
[BlackTeam "United Arab Emirates"]
[WhiteTeamCountry "BAN"]
[BlackTeamCountry "UAE"]
[TimeControl "40/5400+30:1800+30"]

1. c4 {(00:00} e5 {(00:18} 2. g3 {(00:15} d5 {(
01:40} 3. cxd5 {(03:19} Qxd5 {(03:34} 4. Nf3 {(00:15}
Nc6 {(20:54} 5. Nc3 {(01:14} Qd8 {(00:15} 6. Bg2 {
(00:22} Be6 {(01:01} 7. O-O {(01:42} f6 {(11:34]
} 8. Qa4 {(24:11} Qd7 {(05:46} 9. Rd1 {(01:43} Nge7 {
(24:03} 10. d4 {(15:04} exd4 {(01:17} 11. Nb5 {(
02:23} a6 {(08:38} 12. Bf4 {(18:19} Rc8 {(03:25} 13.
Nbxd4 {(02:37} Nxd4 {(00:19} 14. Qxd7+ {(04:04} Bxd7 {
(00:07} 15. Nxd4 {(00:03} c6 {(00:10} 16. Nb3 {(
02:37} b6 {(04:54} 17. Rd2 {(04:02} Be6 {(02:00} 18.
Nd4 {(00:44} Bd5 {(02:34} 19. e4 {(00:52} Bf7 {(
01:18} 20. Bh3 {(00:10} Ra8 {(01:22} 21. Nb5 {(02:57}
Nd5 {(02:22} 22. exd5 {(02:24} cxb5 {(00:35} 23. Re1+ {
(02:21} Kd8 {(00:14} 24. Rc2 {(00:04} Bc5 {(01:
24} 25. b4 {(00:06} g5 {(00:04} 26. bxc5 {(00:15} gxf4
{(00:07} 27. c6 {(00:04} 1-0

[Event "42nd Olympiad Baku 2016 Open"]
[Site "Baku"]
[Date "2016.09.08"]
[Round "6.32"]
[White "Mushore, Emarald Takudzwa"]
[Black "Hamblok, Roel"]
[Result "1-0"]
[ECO "B70"]
[WhiteElo "2187"]
[BlackElo "2282"]
[Annotator ""]
[PlyCount "121"]
[EventDate "2016.??.??"]
[EventCountry "AZE"]
[SourceTitle "playchess.com"]
[Source "ChessBase"]
[WhiteTeam "Zimbabwe"]
[BlackTeam "Belgium"]
[WhiteTeamCountry "ZIM"]
[BlackTeamCountry "BEL"]
[TimeControl "40/5400+30:1800+30"]

1. e4 {(00:00} c5 {(00:00} 2. Nf3 {(00:00} d6 {(
00:00} 3. d4 {(00:00} cxd4 {(00:04} 4. Nxd4 {(00:00}
Nf6 {(00:07} 5. Nc3 {(00:01} g6 {(00:06} 6. Bc4 {
(00:15} Bg7 {(00:08} 7. Bb3 {(00:06} Nc6 {(00:
08} 8. Nxc6 {(07:23} bxc6 {(01:39} 9. e5 {(02:17} dxe5
{(07:42} 10. Qxd8+ {(00:15} Kxd8 {(00:05} 11. Be3 {
(00:29} e6 {(10:02} 12. O-O-O+ {(00:49} Kc7 {(
00:36} 13. Bc5 {(00:38} Bh6+ {(12:58} 14. Kb1 {(00:11}
Bf8 {(00:09} 15. Bxf8 {(01:09} Rxf8 {(00:05} 16. Rhe1 {
(04:17} Nd7 {(19:17} 17. Ne4 {(00:38} h6 {(01:
37} 18. Re3 {(11:34} a5 {(08:50} 19. Ba4 {(08:06} f5 {
(09:55} 20. Rc3 {(04:34} Ra6 {(11:44} 21. Nd6 {(
02:49} Nf6 {(03:59} 22. Nc4 {(13:56} Ne4 {(03:39} 23.
Rf3 {(01:15} Nc5 {(00:32} 24. Ra3 {(00:27} e4 {(
01:03} 25. Ne5 {(00:32} g5 {(01:11} 26. Bb3 {(00:39}
a4 {(00:39} 27. Bc4 {(00:24} Rb6 {(00:27} 28. Rh3 {
(00:23} Rf6 {(00:32} 29. Bf1 {(03:16} Nd7 {(03:
51} 30. Nc4 {(00:17} Rb4 {(00:42} 31. Nd6 {(01:30} Rg6
{(00:44} 32. Rc3 {(03:13} Rg8 {(01:25} 33. Bb5 {
(01:39} Ne5 {(01:46} 34. a3 {(00:20} Rxb5 {(00:
30} 35. Nxb5+ {(00:02} Kb6 {(00:13} 36. Nd6 {(05:13}
Ba6 {(00:15} 37. Rd4 {(08:13} Bf1 {(00:55} 38. g3 {
(02:34} Kc7 {(00:42} 39. Nxe4 {(03:57} fxe4 {(
00:23} 40. Rxe4 {(00:00} Nd7 {(00:00} 41. Rxe6 {(00:24]
} Bb5 {(02:58} 42. Rxh6 {(01:27} Rf8 {(01:52} 43. Rh5 {
(01:22} Nf6 {(07:05} 44. Rxg5 {(00:13} Ne4 {(00:
01} 45. Rg7+ {(00:28} Kb6 {(00:02} 46. Re3 {(00:27}
Nd2+ {(00:14} 47. Kc1 {(00:27} Nc4 {(01:08} 48. Re1 {
(01:45} Rxf2 {(00:20} 49. h4 {(00:26} Nd6 {(00:
44} 50. Rd7 {(00:51} Nf5 {(01:35} 51. Rf7 {(00:44} Rf3
{(00:57} 52. h5 {(00:21} Bc4 {(00:26} 53. Rf6 {(
00:12} Bd5 {(01:25} 54. g4 {(00:10} Nd4 {(00:46} 55.
Rxf3 {(00:12} Nxf3 {(00:07} 56. h6 {(01:15} Ng5 {
(00:08} 57. Re5 {(00:10} Nf7 {(00:48} 58. h7 {(
00:20} Kc5 {(00:57} 59. g5 {(00:43} Nh8 {(00:17} 60.
c4 {(00:43} Kxc4 {(00:18} 61. Re8 {(00:05} 1-0

[Event "42nd Olympiad Baku 2016 Open"]
[Site "Baku"]
[Date "2016.09.08"]
[Round "6.36"]
[White "Mwaka, Emmanuel"]
[Black "Maung, Maung Kyaw Zaw Hein"]
[Result "0-1"]
[ECO "D45"]
[WhiteElo "2025"]
[BlackElo "2031"]
[Annotator ""]
[PlyCount "48"]
[EventDate "2016.??.??"]
[EventCountry "AZE"]
[SourceTitle "playchess.com"]
[Source "ChessBase"]
[WhiteTeam "Uganda"]
[BlackTeam "Myanmar"]
[WhiteTeamCountry "UGA"]
[BlackTeamCountry "MYA"]
[TimeControl "40/5400+30:1800+30"]

1. d4 {(00:00} d5 {(00:00} 2. c4 {(00:00} c6 {(
00:00} 3. Nc3 {(00:19} Nf6 {(00:00} 4. e3 {(00:06} e6
{(00:57} 5. Nf3 {(00:19} Nbd7 {(00:16} 6. Qc2 {(
01:34} Be7 {(01:29} 7. b3 {(00:50} b6 {(01:10} 8. Bd3
{(03:57} Bb7 {(05:36} 9. Bb2 {(03:02} c5 {(03:
21} 10. cxd5 {(07:55} exd5 {(00:43} 11. O-O {(05:23}
O-O {(00:41} 12. Rfd1 {(04:03} Rc8 {(05:10} 13. Ne5 {
(15:42} cxd4 {(10:12} 14. Nxd7 {(10:03} dxc3 {(
02:41} 15. Nxf6+ {(03:11} Bxf6 {(00:21} 16. Ba3 {(18:
35} Re8 {(00:42} 17. Bxh7+ {(00:15} Kh8 {(00:07} 18.
Bf5 {(00:59} Rc7 {(01:21} 19. Rac1 {(03:48} g6 {
(17:10} 20. Bd3 {(04:20} Kg7 {(01:23} 21. Bb5 {(
06:37} Rh8 {(00:25} 22. h3 {(07:01} Rh4 {(04:12} 23.
Bf1 {(01:55} d4 {(03:17} 24. exd4 {(01:16} Qd5 {
(00:59} 0-1

[Event "42nd Olympiad Baku 2016 Open"]
[Site "Baku"]
[Date "2016.09.08"]
[Round "6.23"]
[White "Mwali, Chitumbo"]
[Black "Gajadin, Dewperkash"]
[Result "1/2-1/2"]
[ECO "A15"]
[WhiteElo "2335"]
[BlackElo "2027"]
[Annotator ""]
[PlyCount "101"]
[EventDate "2016.??.??"]
[EventCountry "AZE"]
[SourceTitle "playchess.com"]
[Source "ChessBase"]
[WhiteTeam "Zambia"]
[BlackTeam "Surinam"]
[WhiteTeamCountry "ZAM"]
[BlackTeamCountry "SUR"]
[TimeControl "40/5400+30:1800+30"]

1. c4 {(00:00} Nf6 {(00:00} 2. g3 {(00:00} c5 {(
00:00} 3. Bg2 {(00:00} Nc6 {(00:14} 4. Nc3 {(00:00} g6
{(01:51} 5. e4 {(00:00} d6 {(10:24} 6. Nge2 {(
00:04} e5 {(01:48} 7. O-O {(00:07} Be6 {(04:15} 8. d3
{(01:26} Bg7 {(02:12} 9. Nd5 {(00:31} Qd7 {(11:
22} 10. Bh6 {(00:37} O-O {(08:36} 11. Nxf6+ {(01:31}
Bxf6 {(00:03} 12. Bxf8 {(00:06} Rxf8 {(00:12} 13. Qd2 {
(00:37} Bg7 {(00:43} 14. Rae1 {(05:01} Bg4 {(05:
14} 15. f3 {(00:16} Be6 {(00:11} 16. a3 {(00:23} a5 {
(00:13} 17. Rb1 {(01:06} Ra8 {(06:38} 18. Nc3 {(
08:14} Nd4 {(12:39} 19. b3 {(07:25} h5 {(05:27} 20. f4
{(10:29} Kh7 {(03:57} 21. f5 {(06:04} gxf5 {(00:
15} 22. exf5 {(14:00} Bxf5 {(01:16} 23. Rxf5 {(00:31}
Qxf5 {(00:26} 24. Be4 {(01:20} Qxe4 {(01:17} 25. Nxe4 {
(00:29} Nf3+ {(00:11} 26. Kf2 {(00:18} Nxd2 {(
00:11} 27. Nxd2 {(00:02} f5 {(00:56} 28. Ke2 {(00:20}
Bh6 {(01:40} 29. Nf3 {(00:18} b6 {(04:12} 30. Nh4 {
(00:49} Rf8 {(00:59} 31. b4 {(00:18} axb4 {(01:
46} 32. axb4 {(00:03} Rf7 {(03:34} 33. bxc5 {(01:16}
bxc5 {(00:03} 34. Rb6 {(00:13} Bf8 {(00:15} 35. Nf3 {
(00:43} Be7 {(02:33} 36. Rb7 {(00:41} Kg7 {(01:
41} 37. Rb6 {(01:48} Rf8 {(01:00} 38. Rb7 {(01:30} Rf7
{(02:15} 39. Rb6 {(00:27} Kf6 {(01:57} 40. Nd2 {
(00:00} Kg5 {(00:00} 41. Kf2 {(04:21} Rf8 {(11:
46} 42. Rb7 {(00:23} Bf6 {(05:10} 43. Ke2 {(00:19} Rd8
{(00:46} 44. Rc7 {(00:16} Ra8 {(01:21} 45. Rd7 {
(01:20} Rd8 {(00:47} 46. Rb7 {(00:25} Kg6 {(03:
20} 47. Rb6 {(02:11} h4 {(01:15} 48. Kf3 {(02:08} hxg3
{(00:41} 49. hxg3 {(00:19} Rd7 {(01:17} 50. g4 {
(00:31} Be7 {(06:24} 51. gxf5+ 1/2-1/2

[Event "42nd Olympiad Baku 2016 Open"]
[Site "Baku"]
[Date "2016.09.08"]
[Round "6.6"]
[White "Nanjo, Ryosuke"]
[Black "Berend, Fred"]
[Result "1-0"]
[ECO "C65"]
[WhiteElo "2340"]
[BlackElo "2328"]
[Annotator ""]
[PlyCount "93"]
[EventDate "2016.??.??"]
[EventCountry "AZE"]
[SourceTitle "playchess.com"]
[Source "ChessBase"]
[WhiteTeam "Japan"]
[BlackTeam "Luxembourg"]
[WhiteTeamCountry "JPN"]
[BlackTeamCountry "LUX"]
[TimeControl "40/5400+30:1800+30"]

1. e4 {(00:00} e5 {(00:00} 2. Nf3 {(00:00} Nc6 {
(00:00} 3. Bb5 {(00:00} Nf6 {(00:00} 4. d3 {(00:
00} Bc5 {(00:00} 5. Bxc6 {(01:39} dxc6 {(00:00} 6.
Nbd2 {(01:13} O-O {(02:56} 7. O-O {(02:35} Nd7 {
(00:59} 8. Nc4 {(00:55} Re8 {(00:19} 9. Bd2 {(
09:39} Bd6 {(06:06} 10. Bc3 {(10:27} c5 {(01:55} 11.
a4 {(03:23} b6 {(03:49} 12. Nfd2 {(02:05} Qg5 {(
04:20} 13. Nxd6 {(05:19} cxd6 {(00:03} 14. Nc4 {(00:29]
} Re6 {(07:57} 15. Bd2 {(06:51} Qe7 {(05:49} 16. f4 {
(16:37} exf4 {(00:28} 17. Bxf4 {(00:08} Ne5 {(
13:26} 18. Bxe5 {(09:03} dxe5 {(00:10} 19. Qh5 {(00:27]
} Bd7 {(07:41} 20. Rf3 {(05:43} g6 {(05:58} 21. Qh6 {
(02:11} Qf8 {(00:19} 22. Qh4 {(02:39} Qg7 {(04:
19} 23. Raf1 {(01:26} Rf8 {(00:05} 24. b3 {(00:51} Bc6
{(05:08} 25. Rf6 {(04:09} g5 {(05:41} 26. Qf2 {(
00:11} Bd7 {(00:15} 27. h3 {(09:16} Bc8 {(03:37} 28.
Rf3 {(03:03} g4 {(03:33} 29. hxg4 {(00:18} Rg6 {
(00:10} 30. Ne3 {(03:41} Bxg4 {(00:05} 31. Rf6 {
(00:26} Be6 {(03:18} 32. Qh4 {(00:15} Re8 {(05:
44} 33. R1f2 {(00:45} h6 {(00:43} 34. Rxg6 {(00:24}
fxg6 {(00:43} 35. Ng4 {(00:30} Bxg4 {(00:45} 36. Qxg4 {
(00:02} Kh7 {(00:38} 37. Qf3 {(00:49} Re7 {(00:
19} 38. Qf6 {(00:58} h5 {(02:31} 39. Qd6 {(00:22} Kh6
{(02:00} 40. Rf6 {(00:00} Re8 {(00:00} 41. c3 {(
14:15} Kg5 {(02:21} 42. Rf3 {(00:44} h4 {(05:48} 43.
d4 {(05:01} exd4 {(11:42} 44. Qf4+ {(01:15} Kh5 {
(00:02} 45. g4+ {(00:18} hxg3 {(00:30} 46. Rxg3 {
(00:05} g5 {(08:59} 47. Rh3+ {(00:10} 1-0

[Event "42nd Olympiad Baku 2016 Open"]
[Site "Baku"]
[Date "2016.09.08"]
[Round "6.9"]
[White "Navara, David"]
[Black "Jobava, Baadur"]
[Result "1/2-1/2"]
[ECO "C41"]
[WhiteElo "2742"]
[BlackElo "2665"]
[Annotator ""]
[PlyCount "81"]
[EventDate "2016.??.??"]
[EventCountry "AZE"]
[SourceTitle "playchess.com"]
[Source "ChessBase"]
[WhiteTeam "Czech Republic"]
[BlackTeam "Georgia"]
[WhiteTeamCountry "CZE"]
[BlackTeamCountry "GEO"]
[TimeControl "40/5400+30:1800+30"]

1. e4 {(00:00} d6 {(00:00} 2. d4 {(00:00} Nf6 {(
00:00} 3. Nc3 {(00:00} e5 {(00:01} 4. Nf3 {(00:00}
Nbd7 {(00:04} 5. Bc4 {(00:00} Be7 {(00:06} 6. O-O {
(00:11} O-O {(00:04} 7. a4 {(00:13} a5 {(00:05}
8. Re1 {(01:01} b6 {(00:14} 9. b3 {(00:51} Bb7 {
(00:09} 10. Ba3 {(04:47} Re8 {(00:19} 11. h3 {(
08:35} exd4 {(02:57} 12. Qxd4 {(01:12} Ne5 {(00:28}
13. Nxe5 {(16:51} dxe5 {(00:05} 14. Qxd8 {(00:11} Raxd8
{(00:03} 15. Bxe7 {(00:22} Rxe7 {(00:04} 16. Rad1 {
(00:13} Rxd1 {(03:49} 17. Rxd1 {(00:14} Kf8 {(
00:30} 18. f3 {(00:32} Rd7 {(01:51} 19. Rxd7 {(01:49}
Nxd7 {(00:07} 20. Nb5 {(01:13} Ba6 {(00:04} 21. Na3 {
(00:15} Bxc4 {(00:25} 22. Nxc4 {(00:10} Ke7 {(
00:03} 23. Kf2 {(00:43} Ke6 {(01:02} 24. h4 {(04:52}
h5 {(03:58} 25. g3 {(03:49} g6 {(03:47} 26. Ke3 {
(07:45} f5 {(02:29} 27. Na3 {(05:33} Nf6 {(02:
39} 28. c3 {(05:19} fxe4 {(02:40} 29. fxe4 {(00:45}
Ne8 {(00:41} 30. b4 {(02:00} Nd6 {(00:05} 31. Kd3 {
(00:13} Kd7 {(01:09} 32. Nc2 {(01:05} c5 {(02:
25} 33. bxc5 {(01:01} bxc5 {(00:02} 34. Ne3 {(00:55}
c4+ {(00:22} 35. Nxc4 {(00:21} Nxc4 {(00:02} 36. Kxc4 {
(00:08} Kc6 {(00:00} 37. Kd3 {(00:26} Kc5 {(00:
14} 38. Kd2 {(00:13} Kc4 {(01:21} 39. Kc2 {(00:05} Kc5
{(00:02} 40. Kd3 {(00:00} Kd6 {(00:00} 41. Kd2 {Kd5}
1/2-1/2

[Event "42nd Olympiad Baku 2016 Open"]
[Site "Baku"]
[Date "2016.09.08"]
[Round "6.9"]
[White "Nedev, Trajko"]
[Black "Amonatov, Farrukh"]
[Result "0-1"]
[ECO "B90"]
[WhiteElo "2484"]
[BlackElo "2610"]
[Annotator ""]
[PlyCount "52"]
[EventDate "2016.??.??"]
[EventCountry "AZE"]
[SourceTitle "playchess.com"]
[Source "ChessBase"]
[WhiteTeam "Macedonia"]
[BlackTeam "Tajikistan"]
[WhiteTeamCountry "MKD"]
[BlackTeamCountry "TJK"]
[TimeControl "40/5400+30:1800+30"]

1. e4 {(00:00} c5 {(00:00} 2. Nf3 {(00:00} d6 {(
00:00} 3. d4 {(00:00} cxd4 {(00:00} 4. Nxd4 {(00:00}
Nf6 {(00:00} 5. Nc3 {(00:00} a6 {(00:01} 6. h3 {
(00:00} e5 {(00:36} 7. Nb3 {(00:05} Be6 {(00:51]
} 8. Be3 {(00:09} Be7 {(00:17} 9. Qf3 {(00:07} O-O {
(00:44} 10. g4 {(00:03} a5 {(01:15} 11. Bb5 {(
00:11} Na6 {(06:30} 12. O-O-O {(00:24} Nc7 {(00:51}
13. Bb6 {(00:12} Qb8 {(00:19} 14. Bxc7 {(00:39} Qxc7 {
(00:06} 15. a4 {(00:52} Rac8 {(00:32} 16. Kb1 {(
00:32} Nd7 {(12:57} 17. Qe2 {(21:10} Nb6 {(03:24} 18.
Rd3 {(17:34} Bc4 {(10:49} 19. Bxc4 {(00:50} Qxc4 {
(00:07} 20. Nxa5 {(29:00} Qa6 {(00:55} 21. Qd2 {
(02:03} Rfe8 {(21:44} 22. Nb5 {(09:11} Nxa4 {(
01:07} 23. Nxd6 {(00:14} Bxd6 {(00:56} 24. Rxd6 {(00:
03} Nc3+ {(00:59} 25. bxc3 {(01:28} Qxa5 {(00:10} 26.
Qd5 {(00:50} Rc5 {(00:20} 0-1